 Dungeon Crawl Stone Soup version 0.27.0-1-g7a089689b8 (webtiles) character file.

Game seed: 18082196163902805540

35 mandarbmax the Gusty (level 3, 0/19 HPs)
             Began as a Tengu Air Elementalist on Aug 1, 2021.
             Shot with an arrow by a centaur (16 damage)
             ... on level 4 of the Dungeon.
             The game lasted 00:03:58 (1370 turns).

mandarbmax the Gusty (Tengu Air Elementalist)       Turns: 1370, Time: 00:03:59

Health: 0/19       AC:  2    Str:  8    XL:     3   Next: 35%
Magic:  6/7        EV: 12    Int: 16    God:
Gold:   50         SH:  0    Dex: 14    Spells: 3/6 levels left

rFire    . . .     SeeInvis .   (no weapon)
rCold    . . .     Faith    .   (no shield)
rNeg     . . .     Spirit   .   a - +0 robe
rPois    .         Reflect  .   (helmet restricted)
rElec    .         Harm     .   (no cloak)
rCorr    .         Rampage  .   (no gloves)
Will     .....                  (boots unavailable)
Stlth    ++........             (no amulet)
HPRegen  0.06/turn              (no ring)
MPRegen  0.10/turn              (no ring)

@: no status effects
A: beak, talons 3
a: no special abilities


You were on level 4 of the Dungeon.
You visited 1 branch of the dungeon, and saw 3 of its levels.

You collected 50 gold pieces.

Inventory:

Armour
 a - a +0 robe (worn)
Scrolls
 d - a scroll of teleportation {unknown}
Potions
 b - 3 potions of lignification {unknown}
 c - a potion of attraction {unknown}


   Skills:
 - Level 2.1 Dodging
 - Level 2.0 Stealth
 - Level 2.0 Spellcasting
 + Level 4.0 Conjurations
 * Level 4.2 Air Magic


You had 3 spell levels left.
You knew the following spells:

 Your Spells              Type           Power      Damage    Failure   Level
a - Shock                 Conj/Air       56%        1d6       3%          1
b - Static Discharge      Conj/Air       14%        N/A       6%          2

Your spell library contained the following spells:

 Spells                   Type           Power      Damage    Failure   Level
 Swiftness                Air            15%        N/A       11%         3
 Airstrike                Air            7%         N/A       36%         4


Dungeon Overview and Level Annotations

Branches:
Dungeon (2/15)

Altars:


Innate Abilities, Weirdness & Mutations

You have a beak for a mouth.
You have claws for feet.


Message History

Your magical contamination has completely faded away.
Done exploring.
Done exploring.
Okay, then.
(D) Dungeon
Where to? (? - help)
There is a stone staircase leading down here.
You climb downwards.
There is a stone staircase leading up here.
You fall into a shaft and drop 2 floors!
The shaft crumbles and collapses.
An adder skeleton comes into view.
An adder skeleton is nearby!
The zap hits the adder skeleton.
The adder skeleton is lightly damaged.
The zap hits the adder skeleton.
The adder skeleton is heavily damaged.
The zap hits the adder skeleton.
The adder skeleton is almost destroyed.
Casting: Shock (safe; 3% risk of failure)
Confirm with . or Enter, or press ? or * to list all spells.
The adder skeleton is struck by an arc of lightning!
You destroy the adder skeleton!
You are struck by an arc of lightning.
The lightning grounds out.
Unknown command.
HP restored.
Magic restored.
Found a robe.
You see here a +0 robe.
A centaur comes into view.
The zap hits the centaur.
The centaur is moderately wounded.
The centaur shouts!
The zap hits the centaur.
The centaur is moderately wounded.
The centaur wields a +0 shortbow.
The centaur shoots an arrow.
The arrow hits you.
The centaur shoots an arrow.
The arrow hits you!
Ouch! That really hurt!
You die...

######.#
#..c...# #@#
#.# #[# #.# #.#
#############.#
..............#
###############


You could see a centaur.

Vanquished Creatures
  An adder skeleton (D:4)
  A dart slug (D:1)
  4 endoplasms (D:1)
  4 giant cockroaches (D:1)
  2 goblins (D:1)
  5 hobgoblins (D:1)
  A quokka (D:1)
  4 ball pythons (D:1)
  A bat (D:1)
  2 frilled lizards (D:1)
  A kobold (D:1)
  A rat (D:1)
27 creatures vanquished.

Notes
Turn   | Place    | Note
-------+----------+-------------------------------------------
     0 | D:1      | mandarbmax the Tengu Air Elementalist began the quest for
                  | the Orb.
     0 | D:1      | Reached XP level 1. HP: 10/10 MP: 4/4
   159 | D:1      | Reached XP level 2. HP: 15/15 MP: 0/6
   753 | D:1      | Reached XP level 3. HP: 19/19 MP: 1/7
   855 | D:1      | Learned a level 2 spell: Static Discharge
  1304 | D:2      | You fall into a shaft and drop 2 floors!
  1366 | D:4      | Noticed a centaur
  1370 | D:4      | Shot with an arrow by a centaur

Illustrated notes

Levels and vault maps discovered:
D:1:      scummos_arrival_checkerplants, layout_basic, serial_aquarium,
          aquarium_bridge_square [aquarium_subvault_bridge,
          aquarium_subvault_bridge, aquarium_subvault_balcony,
          aquarium_subvault_wall], aquarium_bridge_square
          [aquarium_subvault_bridge, aquarium_subvault_bridge,
          aquarium_subvault_bridge, aquarium_subvault_bridge],
          aquarium_window_3, aquarium_window_2, aquarium_window_fake,
          aquarium_window_corner, aquarium_view_2e, supply_closet_lemuel,
          minmay_misc_feat_square, minmay_cut_off
D:2:      layout_basic, uniq_robin
D:4:      layout_loops_ring, serial_shops, shop

Skill      XL: |  1  2  3 |
---------------+----------+-----
Conjurations   | 2 3 4 |  4.0
Dodging        | |  2.1
Stealth        | |  2.0
Spellcasting   | |  2.0
Air Magic      | |  4.2

Action                   || total
-------------------------++-------
Melee: Unarmed           ||     1
 Cast: Shock             ||    56
       Static Discharge  ||     1
Dodge: Dodged            ||     1
